 Dungeon Crawl Stone Soup version 0.28.0 (webtiles) character file.

Game seed: 609289660521077111

10 browni3141 the Sneak (level 2, -2/27 HPs)
             Began as a Hill Orc Delver on Feb 6, 2022.
             Slain by a vampire mosquito (7 damage)
             ... on level 5 of the Dungeon.
             The game lasted 00:03:25 (563 turns).

browni3141 the Sneak (Hill Orc Delver)               Turns: 563, Time: 00:03:26

Health: -2/27      AC:  8    Str: 14    XL:     2   Next: 20%
Magic:  2/2        EV:  4    Int: 10    God:
Gold:   0          SH:  7    Dex: 12    Spells: 1/1 levels left

rFire   . . .      SeeInvis .   a - +0 hand axe
rCold   . . .      Faith    .   i - +0 kite shield
rNeg    . . .      Spirit   .   j - +0 chain mail
rPois   .          Reflect  .   (no helmet)
rElec   .          Harm     .   (no cloak)
rCorr   .          Rampage  .   (no gloves)
Will    .....                   (no boots)
Stlth   ..........              (no amulet)
HPRegen 0.09/turn               (no ring)
MPRegen 0.08/turn               (no ring)

@: hasted, very quick
A: no striking features
a: no special abilities


You were on level 5 of the Dungeon.
You visited 1 branch of the dungeon, and saw 3 of its levels.

Inventory:

Hand Weapons
 a - a +0 hand axe (weapon)
Armour
 b - a +0 leather armour
 i - a +0 kite shield (worn)
 j - a +0 chain mail (worn)
Wands
 g - a wand of digging (3)
Scrolls
 c - a scroll of fog
 d - a scroll of magic mapping
 e - a scroll of fear
 h - a scroll of identify {unknown}


   Skills:
 + Level 3.7 Fighting
 - Level 2.6 Axes
 - Level 1.5 Dodging
 - Level 4.1 Stealth
 * Level 1.9 Shields


You had one spell level left.
You didn't know any spells.
Your spell library was empty.

Dungeon Overview and Level Annotations

Branches:
Dungeon (6/15)
 Temple: D:4-7

Altars:

Annotations:
D:5 exclusions: ogre, skeleton and upstairs


Message History

The vampire mosquito bites you but does no damage. x2
The vampire mosquito completely misses you.
There is an open door here.
The vampire mosquito completely misses you.
Okay, then.
Unknown command.
You closely miss the vampire mosquito. The vampire mosquito barely misses you.
The vampire mosquito bites you but does no damage.
The vampire mosquito bites you!
The vampire mosquito draws strength from your injuries!
Unknown command.
You can't see any enemies this would affect, really read the scroll of fear?
Okay, then.
Unknown command.
Press: ? - help, v - describe, . - travel
Here: a vampire mosquito An open door.
Unknown command.
You feel yourself speed up. The vampire mosquito barely misses you.
The vampire mosquito bites you.
The vampire mosquito draws strength from your injuries!
Unknown command.
You are too injured to fight recklessly!
You are too injured to fight recklessly!
You barely miss the vampire mosquito.
The vampire mosquito bites you but does no damage.
You hit the vampire mosquito but do no damage.
The vampire mosquito bites you.
* * * LOW HITPOINT WARNING * * *
The vampire mosquito draws strength from your injuries!
The vampire mosquito bites you but does no damage.
You closely miss the vampire mosquito.
You block the vampire mosquito's attack.
The vampire mosquito bites you but does no damage.
You miss the vampire mosquito.
You block the vampire mosquito's attack.
The vampire mosquito barely misses you.
You miss the vampire mosquito. The vampire mosquito barely misses you.
You barely miss the vampire mosquito. The vampire mosquito bites you!
You die...

#..............#
#..............###########.
#..........................
#..........................
#..................#####...
#..................#
#.........y....†<..+
##########y###.....# #####
#@# #.....# #.....#.#
#.....#### #.....#.#
#........###. #.....#.#
#............
#.....#+#######........
#......>...............
#...........######.....
#...........# .....
#.....#'##### ..##


You could see 2 vampire mosquitoes.

Vanquished Creatures
  An ufetubus (D:5)
  An adder skeleton (D:5)
  A hobgoblin (D:5)
3 creatures vanquished.

Notes
Turn   | Place    | Note
-------+----------+-------------------------------------------
     0 | D:5      | browni3141 the Hill Orc Delver began the quest for the Orb.
     0 | D:5      | Reached XP level 1. HP: 19/19 MP: 1/1
    13 | D:6      | Noticed a wight
   145 | D:5      | Noticed an ogre
   181 | D:5      | Reached skill level 1 in Shields
   365 | D:5      | Reached XP level 2. HP: 18/27 MP: 2/2
   544 | D:5      | Noticed a vampire mosquito
   544 | D:5      | Noticed a vampire mosquito
   544 | D:5      | Noticed a vampire mosquito
   545 | D:5      | Noticed a vampire mosquito
   563 | D:5      | Slain by a vampire mosquito

Illustrated notes

Levels and vault maps discovered:
D:4:      layout_rooms, gammafunk_temple_overflow_statue, uniq_grinder,
          uniq_edmund, uniq_natasha, uniq_ijyb, uniq_crazy_yiuf_cottage
D:5:      layout_basic, doesnt_xom_only_xom
D:6:      layout_loops_corners, serial_undead, serial_undead_c, serial_undead_c,
          serial_undead_a, serial_undead_e

Skill      XL: |  1 |
---------------+----+-----
Shields        | 1 |  1.9
Fighting       | |  3.7
Axes           | |  2.6
Dodging        | |  1.5
Stealth        | |  4.1

Action                   || total
-------------------------++-------
Melee: Hand axe          ||    26
  Use: Potion            ||     1
 Stab: Sleeping          ||     2
Armor: Chain mail        ||     7
       Leather armour    ||     2
Dodge: Dodged            ||    14
Block: Kite shield       ||    16
